 Dungeon Crawl Stone Soup version 0.31-a0-618-g7ca08c1ff9 (webtiles) character file.

Game seed: 11966103309249933204

246 thirtiethelement the Firebug (level 5, 0/41 HPs)
             Began as a Demonspawn Cinder Acolyte on Aug 23, 2023.
             Was a High Priest of Ignis.
             Slain by a gnoll
             ... wielding a +0 halberd
              (10 damage)
             ... on level 3 of the Dungeon.
             The game lasted 00:04:45 (2558 turns).

thirtiethelement the Firebug (DsCA)                 Turns: 2558, Time: 00:04:45

Health: 0/41       AC:  3    Str: 16    XL:     5   Next: 84%
Magic:  5/9        EV: 11    Int: 16    God:    Ignis [*****.]
Gold:   70         SH:  0    Dex:  8    Spells: 8/10 levels left

rFire   + . .        a - -1 hand axe (flame)
rCold   . . .        (no shield)
rNeg    . . .        l - +0 leather armour
rPois   .            (no helmet)
rElec   .            (no cloak)
rCorr   .            (no gloves)
SInv    .            (no boots)
Will    .....        (no amulet)
Stlth   +            (no ring)
HPRegen 0.26/turn    (no ring)
MPRegen 0.11/turn

%: no passive effects
@: lethally poisoned (0 -> -1), very slightly contaminated
A: spiny 1, weakness stinger 2
a: Renounce Religion, Fiery Armour, Foxfire Swarm, Rising Flame


You were on level 3 of the Dungeon.
You worshipped Ignis.
Ignis was extremely pleased with you.
You visited 1 branch of the dungeon, and saw 3 of its levels.

You collected 70 gold pieces.

Inventory:

Hand Weapons
 a - a -1 hand axe of flaming (weapon)
 k - a +0 heavy hand axe
Missiles
 g - 2 throwing nets
Armour
 l - a +0 leather armour (worn)
Talismans
 h - a beast talisman
Scrolls
 c - a scroll of fog {unknown}
 e - a scroll of fear {unknown}
Potions
 d - a potion of curing {unknown}
 f - 3 potions of lignification {unknown}
 i - a potion of haste {unknown}
 j - 2 potions of cancellation {unknown}


   Skills:
 + Level 3.5 Fighting
 + Level 3.6 Axes
 + Level 0.8 Dodging
 + Level 0.3 Stealth
 + Level 3.0 Spellcasting
 + Level 4.0 Fire Magic


You had 8 spell levels left.
You knew the following spells:

 Your Spells              Type           Power      Damage    Failure   Level
a - Scorch                Fire           30%        2d6       7%          2

Your spell library contained the following spells:

 Spells                   Type           Power      Damage    Failure   Level
 Magic Dart               Conj           8%         1d3       22%         1
 Call Imp                 Summ           4%         N/A       34%         2
 Wereblood                Tmut           2%         N/A       34%         2
 Mephitic Cloud           Conj/Pois/Air  2%         N/A       56%         3
 Ozocubu's Armour         Ice            2%         N/A       56%         3
 Irradiate                Conj/Tmut      1%         3d12      99%         5
 Metabolic Englaciation   Hex/Ice        1%         N/A       99%         5
 Simulacrum               Ice/Necr       1%         N/A       100%        6


Dungeon Overview and Level Annotations

Branches:
Dungeon (3/15)

Altars:

Shops:
D:1 (   D:2 !


Innate Abilities, Weirdness & Mutations

You are partially covered in sharp spines.
You have a tail ending in a sharp stinger.


Message History

a +0 dagger; 3 stones; a kobold corpse You hit the adder.
You burn the adder.
The adder is heavily wounded.
The adder closely misses you.
Casting: Scorch (safe; 7% risk of failure)
Confirm with . or Enter, or press ? or * to list all spells.
You miscast Scorch.
You are very lightly contaminated with residual magic.
Nothing appears to happen.
The adder is struck by your spines. The adder bites you. The gnoll misses you.
Casting: Scorch (safe; 7% risk of failure)
Confirm with . or Enter, or press ? or * to list all spells.
You miscast Scorch.
Nothing appears to happen.
The adder is struck by your spines. The adder bites you.
You are poisoned.
The adder poisons you!
A bat comes into view.
The gnoll closely misses you. The adder is struck by your spines.
You kill the adder!
You feel sick.
The gnoll hits you from afar with a +0 spear.
The gnoll misses you. The rat is struck by your spines.
You kill the rat!
You barely miss the gnoll.
You feel sick.
The gnoll hits you from afar with a +0 spear!
A gnoll comes into view. It is wielding a +0 halberd.
You hit the gnoll. You burn the gnoll.
The gnoll is severely wounded.
You feel sick. The gnoll closely misses you.
The gnoll is struck by your spines. The gnoll hits you but does no damage.
You hit the gnoll but do no damage.
The gnoll is almost dead.
You feel sick. The gnoll closely misses you.
The gnoll hits you with a +0 spear!
* * * LOW HITPOINT WARNING * * *
You slash the gnoll! You burn the gnoll.
You kill the gnoll!
You feel sick. The gnoll completely misses you. The gnoll misses you.
The gnoll hits you from afar with a +0 halberd!
You die...

#####.#.# #..#
#...##
........######.##
#...#
#.......##....#
#..<#
#.###.........#
#...#
##.##......###..#
#...+
........<..# ##.#
#...+
....#####..# ...
>.### ...
#.)######## ..
#..@).# .
.......#....#
......g##g#....
........# b.##..
.....$... ... #
......... ./..
........# ....
....... ...#


You could see 2 gnolls and a bat.

Vanquished Creatures
  4 orc priests (D:3)
  A gnoll (D:3)
  3 adders
  3 worms
  4 dart slugs
  7 orcs (D:3)
  6 ball pythons
  8 bats
  6 endoplasms
  A giant cockroach (D:2)
  9 goblins
  8 hobgoblins
  4 quokkas
  7 frilled lizards
  4 kobolds
  3 rats
78 creatures vanquished.

Notes
Turn   | Place    | Note
-------+----------+-------------------------------------------
     0 | D:1      | thirtiethelement the Demonspawn Cinder Acolyte began the
                  | quest for the Orb.
     0 | D:1      | Reached XP level 1. HP: 18/18 MP: 2/2
   157 | D:1      | Gained mutation: You are partially covered in sharp spines.
                  | [demonic ancestry]
   157 | D:1      | Reached XP level 2. HP: 21/24 MP: 3/3
   233 | D:1      | Learned a level 2 spell: Scorch
   265 | D:1      | Reached skill level 3 in Fire Magic
   595 | D:1      | Found Kuebbu's Weapon Shoppe.
   673 | D:1      | Gained mutation: You have a small tail. [demonic ancestry]
   673 | D:1      | Reached XP level 3. HP: 29/29 MP: 1/4
  1263 | D:2      | Found Wiuxtidd's Distillery.
  1635 | D:2      | Reached XP level 4. HP: 35/35 MP: 1/6
  1727 | D:2      | Found a faded altar of an unknown god.
  2142 | D:3      | Gained mutation: You have a tail ending in a sharp stinger.
                  | [demonic ancestry]
  2142 | D:3      | Reached XP level 5. HP: 15/41 MP: 1/8
  2441 | D:3      | Reached skill level 4 in Fire Magic
  2558 | D:3      | Slain by a gnoll

Illustrated notes

Levels and vault maps discovered:
D:1:      saegor_arrival_simple_a, layout_basic, serial_shops,
          nicolae_shop_real_fake_doors, chequers_arboretum
D:2:      layout_rooms, chequers_ecumenical_altar_twisty, serial_shops, shop
D:3:      layout_rooms, hangedman_decor_clover_reticule,
          kennysheep_big_empty_room, uniq_robin

Skill      XL: |  1  2  3  4  5 |
---------------+----------------+-----
Fire Magic     | 3 4 |  4.0
Axes           | 3 |  3.6
Spellcasting   | 2 3 |  3.0
Fighting       | |  3.5
Dodging        | |  0.8
Stealth        | |  0.3

Action                     |  1- 3 |  4- 6 || total
---------------------------+-------+-------++-------
  Melee: Hand axe          |    57 |    44 ||   101
         Tailslap          |     1 |     3 ||     4
   Cast: Scorch            |    23 |    17 ||    40
 Armour: Robe              |    10 |     3 ||    13
         Leather armour    |       |     1 ||     1
  Dodge: Dodged            |    13 |    20 ||    33

Table legend: (Time is in decaauts)
 A = Elapsed time spent in this place.
 B = Non-inter-level travel time spent in this place.
 C = Inter-level travel time spent in this place.
 D = Time resting spent in this place.
 E = Time spent auto-exploring this place.
 F = Levels seen in this place.
 G = Mean time per level.
                   A        B        C        D        E       F      G
               +--------+--------+--------+--------+--------+-----+--------+
         Total |   2573 |   2527 |     46 |     59 |   2059 |   3 |  857.7 |
       Dungeon |   2573 |   2527 |     46 |     59 |   2059 |   3 |  857.7 |
               +--------+--------+--------+--------+--------+-----+--------+

Top non-repeatable levels by time:
     D:1: 1216 daAuts
     D:2: 810 daAuts
     D:3: 546 daAuts
